 Dungeon Crawl Stone Soup version 0.22.1-2-g9c5b331 (webtiles) character file.

527 diana the Covert (level 7, -2/32 HPs)
             Began as a Spriggan Enchanter on Dec 28, 2018.
             Slain by an ogre
             ... wielding a +0 giant club
              (15 damage)
             ... on level 5 of the Dungeon.
             The game lasted 00:10:47 (6168 turns).

diana the Covert (Spriggan Enchanter)               Turns: 6168, Time: 00:10:47

Health: -2/32      AC:  2    Str:  6    XL:     7   Next: 2%
Magic:  13/13      EV: 18    Int: 16    God:
Gold:   300        SH:  0    Dex: 17    Spells: 10/13 levels left

rFire    + . .     SeeInvis +   x - +1 dagger (drain)
rCold    . . .     Gourm    .   (shield restricted)
rNeg     . . .     Faith    .   b - +0 robe
rPois    +         Spirit   .   (helmet restricted)
rElec    .         Reflect  .   (no cloak)
rCorr    .         Harm     .   (gloves unavailable)
MR       +....                  (boots unavailable)
Stlth    ++++......             (no amulet)
HPRegen  0.10/turn              c - ring of protection from fire
MPRegen  0.13/turn              j - ring of poison resistance

@: very quick
A: very small, unfitting armour, see invisible, herbivore, speed 3, slow
metabolism 2
a: no special abilities


You were on level 5 of the Dungeon.
You were very hungry.

You visited 1 branch of the dungeon, and saw 5 of its levels.
You also visited: Sewer.

You collected 300 gold pieces.

Inventory:

Hand Weapons
 a - a +1 dagger
 v - a +3 dagger
 x - a +1 dagger of draining (weapon)
Armour
 b - a +0 robe (worn)
Jewellery
 c - a ring of protection from fire (left hand)
 j - a ring of poison resistance (right hand)
 y - an uncursed amulet of harm {unknown}
Wands
 w - a wand of random effects (29)
Scrolls
 f - a scroll of magic mapping
 g - 5 scrolls of remove curse
 i - 2 scrolls of fog {unknown}
 k - 2 scrolls of random uselessness {unknown}
 l - a scroll of noise {unknown}
 m - 2 scrolls of enchant armour {unknown}
 o - a scroll of identify {unknown}
 p - a scroll of teleportation {unknown}
 q - a scroll of enchant weapon {unknown}
 r - a scroll of fear {unknown}
Potions
 e - 5 potions of curing
 h - a potion of degeneration {unknown}
 n - 4 potions of flight {unknown}
 s - a potion of heal wounds {unknown}
 t - 2 potions of berserk rage {unknown}
 u - 2 potions of lignification {unknown}
Comestibles
 d - 12 rations


   Skills:
 + Level 4.0 Short Blades
 - Level 3.0 Dodging
 * Level 9.5 Stealth
 + Level 3.9 Spellcasting
 + Level 4.7 Hexes


You had 10 spell levels left.
You knew the following spells:

 Your Spells              Type           Power        Failure   Level  Hunger
a - Corona                Hex            ###....      2%          1    None
b - Ensorcelled Hibernat  Hex/Ice        ##....       10%         2    ##.....

Your spell library contained the following spells:

 Spells                   Type           Power        Failure   Level  Hunger
 Confuse                  Hex            ###.....     8%          3    ###....
 Tukima's Dance           Hex            ###.....     8%          3    ###....
 Dazzling Spray           Conj/Hex       ##....       19%         3    ###....


Dungeon Overview and Level Annotations

Branches:
Dungeon (5/15)
 Temple: D:4-7

Altars:


Innate Abilities, Weirdness & Mutations

You are very small and have problems with some larger weapons.
You are too small for most types of armour.
You have supernaturally acute eyesight. (SInv)
You are a herbivore.
You cover ground extremely quickly.
You need to consume almost no food.


Message History

You hit the ogre. You drain the ogre!
The ogre is almost dead.
The ogre closely misses you.
You hit the ogre but do no damage.
The ogre is almost dead.
You barely miss the ogre.
The ogre is almost dead.
The ogre hits you with a giant club!
A jackal comes into view.
You hit the ogre.
The ogre is almost dead.
The crimson imp misses you. The ogre hits you with a giant club.
Okay, then.
You hit the ogre but do no damage.
The ogre is almost dead.
The crimson imp blinks!
You barely miss the ogre.
The ogre is almost dead.
The ogre hits you with a giant club!
You die...

#### ##### ...h
.... #5h####.#
#.lO@ยง..#
##.####.##
#.......#
###.####..#
..........###.###
##.........(....
(....####.###...#
#### #.........
#.###.###.


You could see an ogre, an iguana, a crimson imp and 2 jackals.

Vanquished Creatures
  A big kobold (Sewer)
  2 bullfrogs
  An orc wizard (D:4)
  An orc priest (D:3)
  A worker ant (D:4)
  6 gnolls
  8 adders
  A river rat (Sewer)
  2 oozes
  A worm (D:3)
  A dart slug (D:3)
  2 leopard geckos
  12 orcs
  3 bats
  3 giant cockroaches
  12 goblins
  8 hobgoblins
  2 jackals (Sewer)
  7 quokkas
  3 ball pythons
  A frilled lizard (D:2)
  A jackal skeleton (D:4)
  9 kobolds
  A quokka skeleton (D:4)
  12 rats
101 creatures vanquished.

Notes
Turn   | Place    | Note
-------+----------+-------------------------------------------
     0 | D:1      | diana the Spriggan Enchanter began the quest for the Orb.
     0 | D:1      | Reached XP level 1. HP: 9/9 MP: 5/5
   192 | D:1      | Reached skill level 5 in Stealth
   228 | D:1      | Reached XP level 2. HP: 5/13 MP: 6/6
   420 | D:1      | Learned a level 2 spell: Ensorcelled Hibernation
  1575 | D:1      | Reached skill level 6 in Stealth
  1575 | D:1      | Reached XP level 3. HP: 7/16 MP: 6/8
  2723 | D:3      | Reached XP level 4. HP: 21/21 MP: 0/9
  2754 | D:3      | Reached skill level 7 in Stealth
  3476 | D:3      | Noticed a bullfrog
  3503 | D:3      | Killed a bullfrog
  3503 | D:3      | Reached skill level 8 in Stealth
  3503 | D:3      | Reached XP level 5. HP: 16/24 MP: 0/10
  4024 | D:4      | Reached XP level 6. HP: 24/28 MP: 8/11
  4110 | D:4      | Found a glowing drain.
  4164 | Sewer    | Entered a sewer
  4452 | Sewer    | Reached skill level 9 in Stealth
  4649 | Sewer    | Found a glowing silver altar of Zin.
  5985 | D:4      | Reached XP level 7. HP: 31/32 MP: 1/13
  6121 | D:5      | Entered Level 5 of the Dungeon
  6168 | D:5      | Slain by an ogre

Skill      XL: |  1  2  3  4  5  6 |
---------------+-------------------+-----
Stealth        | 5 6 8 9 |  9.5
Short Blades   | 2 3 4 |  4.0
Spellcasting   | 3 |  3.9
Hexes          | 4 |  4.7
Dodging        | |  3.0

Action                   |  1- 3 |  4- 6 |  7- 9 || total
-------------------------+-------+-------+-------++-------
Melee: Dagger            |   163 |   246 |    23 ||   432
 Cast: Corona            |     7 |     2 |       ||     9
       Ensorcelled Hiber |    11 |    44 |       ||    55
  Use: Scroll            |       |     2 |       ||     2
       Potion            |       |     1 |       ||     1
 Stab: Sleeping          |    13 |    34 |       ||    47
       Distracted        |       |     2 |       ||     2
  Eat: Ration            |       |     3 |       ||     3
Armor: Robe              |    13 |    12 |     1 ||    26
Dodge: Dodged            |   129 |   184 |    10 ||   323
